[Event "Titled Tuesday Blitz April 18 Early 2023"]
[White "Mendez Fortes, Eduardo Jesus"]
[Black "Gonzalez, Francisco Silva"]
[WhiteFideId "3502376"]
[BlackFideId "1512285"]
[WhiteElo "2307"]
[BlackElo "2074"]
[Result "1-0"]
[Round "03"]
[TimeControl "180+2"]
[Date "2023.04.18"]
[WhiteClock "0:00:05"]
[BlackClock "0:00:17"]

1. e4 e5 2. Nf3 Nc6 3. Bb5 a6 4. Ba4 Nf6 5. O-O b5 6. Bb3 Bc5 7. a4 Bb7 8. d3 d6 9. Nc3 Na5 10. axb5 Nxb3 11. cxb3 axb5 12. Rxa8 Bxa8 13. Nxb5 O-O 14. Nc3 h6 15. h3 Re8 16. Be3 Bxe3 17. fxe3 d5 18. exd5 Nxd5 19. Nxd5 Bxd5 20. e4 Be6 21. Qc2 f6 22. Nd2 Qd4+ 23. Kh1 Rd8 24. Rf3 Ra8 25. Qc1 c5 26. Nc4 Rb8 27. Qc2 Ra8 28. Rf1 Rd8 29. Rd1 Kh7 30. Qc3 Qf2 31. Qd2 Qd4 32. Qc3 Qf2 33. Rd2 Qf1+ 34. Kh2 Qf4+ 35. Kg1 Ra8 36. Qc1 Bxc4 37. bxc4 Qe3+ 38. Kh1 Ra1 39. Qxa1 Qxd2 40. Qf1 Qxb2 41. Qf5+ Kh8 42. Qc8+ Kh7 43. Qxc5 Qc1+ 44. Qg1 Qc2 45. Qf1 h5 46. Kg1 Qd2 47. Qf5+ Kh6 48. Qf3 Qe1+ 49. Kh2 Qd2 50. Qg3 g6 51. Qf3 Kg5 52. c5 Qc1 53. h4+ Kh6 54. Qf2 Kg7 55. g3 Kf8 56. d4 Ke7 57. d5 Kf7 58. c6 Ke7 59. Qa7+ Kf8 60. Qb8+ Kf7 61. Qa7+ Ke8 62. Qf2 Ke7 63. Kg2 Qc5 64. Qxc5+ 1-0


[Site "https://www.chess.com"]

[Event "Titled Tuesday Blitz April 18 Early 2023"]
[White "Melikhov, Evgeny V."]
[Black "Karthik Rajaa"]
[WhiteFideId "4122046"]
[BlackFideId "25035215"]
[WhiteElo "2158"]
[BlackElo "2215"]
[Result "0-1"]
[Round "03"]
[TimeControl "180+2"]
[Date "2023.04.18"]
[WhiteClock "0:00:01"]
[BlackClock "0:00:51"]

1. d4 Nf6 2. c4 g6 3. Nc3 Bg7 4. e4 d6 5. f3 O-O 6. Be3 c5 7. Nge2 Nc6 8. d5 Ne5 9. Ng3 e6 10. Be2 h5 11. O-O h4 12. Nh1 exd5 13. cxd5 a6 14. a4 Bd7 15. Nf2 b5 16. f4 Nc4 17. Bxc4 bxc4 18. e5 Nh5 19. Nfe4 dxe5 20. f5 Nf4 21. f6 Bh6 22. Bxc5 Nd3 23. Bxf8 Qxf8 24. b3 Qb4 25. bxc4 Qxc4 26. Rb1 Qd4+ 27. Kh1 h3 28. Qf3 hxg2+ 29. Qxg2 Nf4 30. Qf2 Bf5 31. Qxd4 exd4 32. Ng3 Bxb1 33. Nxb1 Nxd5 0-1


[Site "https://www.chess.com"]

[Event "Titled Tuesday Blitz April 18 Early 2023"]
[White "Sieciechowicz, Marcin"]
[Black "Bas Mas, Jose Joaquin"]
[WhiteFideId "1130170"]
[BlackFideId "22219064"]
[WhiteElo "2302"]
[BlackElo "2233"]
[Result "0-1"]
[Round "03"]
[TimeControl "180+2"]
[Date "2023.04.18"]
[WhiteClock "0:00:42"]
[BlackClock "0:00:37"]

1. d4 d5 2. c4 e6 3. Nc3 Nf6 4. cxd5 exd5 5. Bg5 Nbd7 6. e3 h6 7. Bh4 Be7 8. Bd3 O-O 9. Nf3 b6 10. O-O Bb7 11. h3 c5 12. Rc1 a6 13. Re1 Ne4 14. Bxe7 Qxe7 15. dxc5 Ndxc5 16. Nd4 Rfd8 17. Be2 Qf6 18. Bf3 Ng5 19. Qe2 Nxf3+ 20. Nxf3 Ne6 21. Na4 d4 22. exd4 Bxf3 23. Qxf3 Qxf3 24. gxf3 Nxd4 25. Kg2 Rd6 26. Re4 Rad8 27. Rd1 f5 28. Re3 Ne6 29. Rde1 Kf7 30. Nc3 R8d7 31. h4 g6 32. Re5 Nf4+ 33. Kg3 Nd3 34. Re8 Nxe1 35. Rxe1 Rd2 36. b3 Rc2 37. Na4 b5 0-1


[Site "https://www.chess.com"]

[Event "Titled Tuesday Blitz April 18 Early 2023"]
[White "Lewtak, Damian"]
[Black "Rios Escobar, Adan"]
[WhiteFideId "1141724"]
[BlackFideId "3403645"]
[WhiteElo "2302"]
[BlackElo "2437"]
[Result "0-1"]
[Round "03"]
[TimeControl "180+2"]
[Date "2023.04.18"]
[WhiteClock "0:01:58"]
[BlackClock "0:01:43"]

1. e4 c5 2. Nf3 d6 3. Bb5+ Nd7 4. O-O a6 5. Bd3 Ngf6 6. Qe2 g6 7. c3 b5 8. a4 Bb7 9. Bc2 c4 10. d4 cxd3 11. Bxd3 Bg7 12. axb5 axb5 13. Rxa8 Qxa8 14. Bxb5 Bxe4 15. Re1 O-O 16. Bxd7 Bxb1 17. Qxe7 Be4 18. Bh3 Bxf3 19. gxf3 Re8 20. Bg5 Rxe7 21. Rxe7 Qxf3 0-1


[Site "https://www.chess.com"]

[Event "Titled Tuesday Blitz April 18 Early 2023"]
[White "Horobetz, Graham"]
[Black "Manukian, Artak"]
[WhiteFideId "2047322"]
[BlackFideId "13301373"]
[WhiteElo "2620"]
[BlackElo "2130"]
[Result "1/2-1/2"]
[Round "03"]
[TimeControl "180+2"]
[Date "2023.04.18"]
[WhiteClock "0:00:04"]
[BlackClock "0:00:24"]

1. e4 c6 2. d4 d5 3. Nc3 dxe4 4. Nxe4 Nf6 5. Nxf6+ exf6 6. c3 Bd6 7. Bd3 O-O 8. Qc2 h6 9. Ne2 Qc7 10. Be3 b5 11. O-O-O a5 12. g4 b4 13. h4 bxc3 14. Nxc3 Bf4 15. g5 h5 16. gxf6 Bxe3+ 17. fxe3 Bg4 18. fxg7 Kxg7 19. Rhg1 Nd7 20. Bf5 Nf6 21. Bxg4 Nxg4 22. Qf5 Rh8 23. Rdf1 Rab8 24. Rf4 Rh6 25. Qg5+ Rg6 26. Qxh5 Nxe3 27. Rxg6+ fxg6 28. Qg5 Nd5 29. Rg4 Qf7 30. Qe5+ Kh6 31. Qxb8 Qf1+ 32. Kc2 Ne3+ 33. Kd2 Nc4+ 34. Kc2 Ne3+ 35. Kd2 Nc4+ 36. Kc2 Ne3+ 1/2-1/2


[Site "https://www.chess.com"]

[Event "Titled Tuesday Blitz April 18 Early 2023"]
[White "Garakov, Mikhael"]
[Black "Lamaze, Simon"]
[WhiteFideId "4169034"]
[BlackFideId "36069264"]
[WhiteElo "2347"]
[BlackElo "2272"]
[Result "1/2-1/2"]
[Round "03"]
[TimeControl "180+2"]
[Date "2023.04.18"]
[WhiteClock "0:00:04"]
[BlackClock "0:00:36"]

1. e4 c5 2. Nf3 e6 3. c4 Nc6 4. Nc3 e5 5. Be2 d6 6. O-O f5 7. exf5 Bxf5 8. Nd5 Nf6 9. Nh4 Be6 10. Ne3 Nd4 11. f4 exf4 12. Rxf4 Nxe2+ 13. Qxe2 g5 14. Nd5 Nxd5 15. Qxe6+ Qe7 16. Re4 Qxe6 17. Rxe6+ Ne7 18. Nf3 Kd7 19. Re4 h6 20. d3 Bg7 21. Bd2 d5 22. cxd5 Nxd5 23. Rc1 b6 24. Ne5+ Bxe5 25. Rxe5 Kd6 26. Rce1 Nc7 27. d4 cxd4 28. Bb4+ Kd7 29. Re7+ Kd8 30. Rd1 Nb5 31. a4 a5 32. axb5 axb4 33. Rg7 Rf8 34. Rxd4+ Kc8 35. h4 Ra1+ 36. Kh2 Rc1 37. Rxb4 Rc7 38. Rxc7+ Kxc7 39. hxg5 hxg5 40. Rc4+ Kb7 41. Kg3 Rf5 42. Rb4 Rc5 43. Kg4 Kc7 44. Kh5 Kd6 45. g4 Rd5 46. Re4 Rxb5 47. b4 Rd5 48. Re8 Rb5 49. Rg8 Ke6 50. Rxg5 Rxb4 51. Kg6 Rf4 52. Kh5 Rb4 53. Rg8 Kf7 54. Rb8 b5 55. g5 Rb1 56. g6+ Kf6 57. Rb6+ Kf5 58. Kh6 b4 59. Kg7 Rg1 60. Kf7 Ra1 61. g7 Ra7+ 62. Kf8 Ra8+ 63. Kf7 Ra7+ 64. Kf8 Ra8+ 65. Kf7 Ra7+ 1/2-1/2


[Site "https://www.chess.com"]

[Event "Titled Tuesday Blitz April 18 Early 2023"]
[White "Jimenez Jimenez, Leandro"]
[Black "Danielyan, Vahe"]
[WhiteFideId "6415253"]
[BlackFideId "13304828"]
[WhiteElo "2263"]
[BlackElo "2423"]
[Result "0-1"]
[Round "03"]
[TimeControl "180+2"]
[Date "2023.04.18"]
[WhiteClock "0:00:04"]
[BlackClock "0:01:02"]

1. d4 Nf6 2. c4 e6 3. g3 c5 4. Nf3 d5 5. cxd5 exd5 6. Bg2 Nc6 7. O-O cxd4 8. Nxd4 Bc5 9. Nb3 Bb6 10. Nc3 Be6 11. Bg5 O-O 12. e3 h6 13. Bxf6 Qxf6 14. Nxd5 Qxb2 15. Qc1 Qe5 16. Rd1 Rac8 17. Qa3 Rfd8 18. Nxb6 axb6 19. Rac1 Rxd1+ 20. Rxd1 Qc3 21. Qc1 Qxc1 22. Rxc1 Ra8 23. Rc2 g6 24. h4 Nb4 25. Bxb7 Ra7 26. Rc7 Nd5 27. Bxd5 Rxc7 28. Bxe6 fxe6 29. Nd4 Kf7 30. a3 Ra7 31. Nb5 Ra5 32. Nc7 Rxa3 33. Kg2 Rc3 34. Nb5 Rc5 35. Nd4 b5 36. Nf3 b4 37. Nd2 Rc3 38. Kf3 b3 39. Ke2 b2 0-1


[Site "https://www.chess.com"]

[Event "Titled Tuesday Blitz April 18 Early 2023"]
[White "Sadykov, Ramil"]
[Black "Fernandez Siles, Luis"]
[WhiteFideId "24113590"]
[BlackFideId "2209420"]
[WhiteElo "2245"]
[BlackElo "2195"]
[Result "1-0"]
[Round "03"]
[TimeControl "180+2"]
[Date "2023.04.18"]
[WhiteClock "0:00:34"]
[BlackClock "0:00:08"]

1. d4 Nf6 2. Nc3 d5 3. Bf4 c5 4. e4 Nxe4 5. Nxe4 dxe4 6. dxc5 Qa5+ 7. c3 Qxc5 8. Qa4+ Nc6 9. Qxe4 Bf5 10. Qe3 e5 11. Nf3 Qxe3+ 12. Bxe3 e4 13. Nd4 Nxd4 14. Bxd4 f6 15. Bb5+ Bd7 16. Bxd7+ Kxd7 17. O-O-O Kc6 18. Rhe1 Re8 19. f3 f5 20. fxe4 fxe4 21. Re2 Rg8 22. Rde1 Bc5 23. Bxc5 Kxc5 24. Rxe4 Rxe4 25. Rxe4 Rf8 26. Re2 Rf1+ 27. Kc2 b5 28. b4+ Kc4 29. Rd2 Rf4 30. g3 Re4 31. h4 h5 32. Rf2 Rg4 33. Rf5 Rxg3 34. Rc5# 1-0


[Site "https://www.chess.com"]

[Event "Titled Tuesday Blitz April 18 Early 2023"]
[White "Zacurdajev, Dmitry"]
[Black "Zarubitski, Viachaslau"]
[WhiteFideId "4196309"]
[BlackFideId "13509373"]
[WhiteElo "2189"]
[BlackElo "2284"]
[Result "0-1"]
[Round "03"]
[TimeControl "180+2"]
[Date "2023.04.18"]
[WhiteClock "0:00:04"]
[BlackClock "0:01:24"]

1. d4 Nf6 2. c4 Nc6 3. Nf3 e6 4. Nc3 Bb4 5. Qc2 O-O 6. a3 Bxc3+ 7. Qxc3 d6 8. Bg5 h6 9. Bh4 Qe7 10. e3 e5 11. Be2 a5 12. d5 Nb8 13. h3 a4 14. g4 g5 15. Bg3 Ne4 16. Qc2 f5 17. Nd2 Nxd2 18. Kxd2 f4 19. Bh2 e4 20. exf4 gxf4 21. f3 e3+ 22. Ke1 Qg7 23. Rg1 Na6 24. g5 hxg5 25. h4 g4 26. Qe4 Nc5 27. Qc2 g3 28. Rg2 Bh3 29. Rg1 gxh2 30. Rxg7+ Kxg7 0-1


[Site "https://www.chess.com"]

[Event "Titled Tuesday Blitz April 18 Early 2023"]
[White "Girsh, Daniel"]
[Black "Malek, Jan"]
[WhiteFideId "30949190"]
[BlackFideId "21864080"]
[WhiteElo "2075"]
[BlackElo "2255"]
[Result "0-1"]
[Round "03"]
[TimeControl "180+2"]
[Date "2023.04.18"]
[WhiteClock "0:00:19"]
[BlackClock "0:00:28"]

1. d4 d5 2. c4 c6 3. Nf3 Nf6 4. Qb3 e6 5. Bg5 Be7 6. e3 O-O 7. Nc3 a6 8. cxd5 cxd5 9. Bd3 Nc6 10. O-O h6 11. Bh4 b5 12. Rac1 Bb7 13. a4 b4 14. Na2 Qb6 15. Qd1 Rac8 16. Qe2 b3 17. Nc3 Nb4 18. Bb1 a5 19. Ne5 Ba6 20. Nb5 Bxb5 21. Qxb5 Qxb5 22. axb5 a4 23. Nc6 Nxc6 24. bxc6 Bd6 25. Bd3 Rc7 26. Bb5 Rb8 27. Ba6 a3 28. bxa3 b2 29. Rb1 Rxc6 30. Bd3 Bxa3 31. Bxf6 gxf6 32. f3 Rb3 33. Rbd1 Rc1 34. Bb1 Rxe3 35. Kf2 Rec3 36. Ke2 f5 37. Ba2 Bb4 38. Bb1 f4 39. g3 fxg3 40. hxg3 f5 41. g4 f4 42. Rh1 Kg7 43. Kf2 Rxd1 44. Rxd1 Rc1 45. Ke2 Bc3 46. Bd3 Bxd4 47. Kd2 Be3+ 48. Ke2 e5 49. Bb1 Rxd1 50. Kxd1 Kf6 51. Bf5 h5 52. Bd3 h4 53. Bf1 b1=Q+ 0-1


[Site "https://www.chess.com"]

[Event "Titled Tuesday Blitz April 18 Early 2023"]
[White "Vaibhav Jayant Raut"]
[Black "Vivas Zamora, Fabian Ernesto"]
[WhiteFideId "5089034"]
[BlackFideId "3902480"]
[WhiteElo "2156"]
[BlackElo "2262"]
[Result "1-0"]
[Round "03"]
[TimeControl "180+2"]
[Date "2023.04.18"]
[WhiteClock "0:00:42"]
[BlackClock "0:00:01"]

1. d4 Nf6 2. Nf3 g6 3. Bf4 Bg7 4. e3 d6 5. Nbd2 O-O 6. h3 c5 7. c3 Nc6 8. Be2 cxd4 9. cxd4 e5 10. dxe5 dxe5 11. Nxe5 Nd5 12. Nxc6 bxc6 13. Bg3 Bxb2 14. Nc4 Bc3+ 15. Kf1 Bxa1 16. Qxa1 Ba6 17. Kg1 Qf6 18. Be5 Qe6 19. Bd4 Nf4 20. exf4 Bxc4 21. Bg4 Qe4 22. Be3 Bd5 23. Bf3 Qe6 24. Bg4 Qe4 25. Bf3 Qd3 26. Bxd5 Qxd5 27. Kh2 Rfe8 28. Rd1 Qf5 29. Qc3 Rad8 30. Rc1 Re6 31. Rc2 Red6 32. Qa3 R8d7 33. Rb2 Qf6 34. Rb8+ Kg7 35. Qa6 h5 36. Qc8 Rd8 37. Qc7 Rxb8 38. Qxb8 a5 39. g3 Rd5 40. h4 Qe6 41. Qb2+ Kh7 42. Qc3 Qe4 43. Qf6 Qe6 44. Qc3 c5 45. a3 Rf5 46. Qxa5 c4 47. Qc3 Rb5 48. Qd4 Rb1 49. f5 Qc6 50. fxg6+ fxg6 51. f3 Qxf3 52. Qd7+ Kg8 53. Qe8+ Kh7 54. Qe7+ Kg8 55. Qd8+ Qf8 56. Qd5+ Qf7 57. Qe4 Kh7 58. Qxb1 Qf3 59. Qc1 Qe2+ 60. Kg1 c3 61. Qxc3 Qd1+ 62. Kg2 Qd5+ 63. Kh2 Qa2+ 64. Qd2 Qxa3 65. Bg5 Qa4 66. Qf2 Qc4 67. Qa7+ Kg8 68. Qb8+ Kh7 69. Qb7+ Kg8 70. Qg2 Kh7 71. Bf4 Qe6 72. Qf2 Qf5 73. Qe3 Qc2+ 74. Qd2 Qe4 75. Bg5 Kg8 76. Bf6 1-0


[Site "https://www.chess.com"]

[Event "Titled Tuesday Blitz April 18 Early 2023"]
[White "Harriott, Tyrell"]
[Black "Berezin, Viktor"]
[WhiteFideId "2086484"]
[BlackFideId "14107872"]
[WhiteElo "2107"]
[BlackElo "2310"]
[Result "0-1"]
[Round "03"]
[TimeControl "180+2"]
[Date "2023.04.18"]
[WhiteClock "0:00:25"]
[BlackClock "0:00:06"]

1. d4 Nf6 2. e3 g6 3. Bd3 Bg7 4. f4 O-O 5. Nf3 d6 6. O-O c5 7. c3 b6 8. Nbd2 Bb7 9. f5 Nbd7 10. Qe1 e5 11. fxg6 hxg6 12. Ng5 d5 13. Qh4 e4 14. Bb5 Nh5 15. Bxd7 Qxd7 16. g4 f6 17. Nh3 Bc8 18. Nf2 Nf4 19. exf4 e3 20. h3 cxd4 21. cxd4 f5 22. Nf3 exf2+ 23. Qxf2 fxg4 24. Ne5 Bxe5 25. dxe5 gxh3 26. Kh2 Qf7 27. Rg1 Bf5 28. Be3 Rac8 29. Rac1 Kg7 30. Bd4 Qe6 31. Qh4 Rc4 32. Rxc4 dxc4 33. Bc3 Kg8 34. Rd1 Qc6 35. Rd2 Qf3 36. Rf2 Qe3 37. e6 Qxe6 38. Qh6 Kf7 39. Rd2 Bd3 40. Rf2 Ke8 41. Qg7 Rf7 42. Qg8+ Kd7 43. Be5 Kc6 44. Qb8 Kb5 45. Qd8 Rd7 46. Qh8 Qd5 47. Qh4 Be4 48. Qg3 Qd1 49. Kxh3 Qh1+ 50. Kg4 Bf5+ 51. Kg5 Rf7 52. Rh2 Qd1 53. Bc3 Qd8+ 54. Kh6 Rf8 55. Kh7 Rf7+ 56. Kh6 Qf8+ 57. Kg5 Qe7+ 58. Kh6 Rh7# 0-1


[Site "https://www.chess.com"]

[Event "Titled Tuesday Blitz April 18 Early 2023"]
[White "Sokolovsky, Yahli"]
[Black "Pein, Jonathan"]
[WhiteFideId "2820242"]
[BlackFideId "417092"]
[WhiteElo "2316"]
[BlackElo "2151"]
[Result "0-1"]
[Round "03"]
[TimeControl "180+2"]
[Date "2023.04.18"]
[WhiteClock "0:00:07"]
[BlackClock "0:00:08"]

1. b3 b6 2. Bb2 Bb7 3. e3 d5 4. Nf3 Nc6 5. d4 e6 6. a3 Qd7 7. Bd3 O-O-O 8. c4 Be7 9. Qc2 Kb8 10. c5 Bf6 11. b4 Nce7 12. O-O g5 13. b5 bxc5 14. dxc5 c6 15. Bxf6 Nxf6 16. Ne5 Qc7 17. Nxf7 Ng4 18. g3 cxb5 19. Nd2 h5 20. Nxd8 Rxd8 21. Bxb5 h4 22. c6 hxg3 23. hxg3 Nf5 24. Nf3 Rh8 25. Qe2 Qh7 26. Nh4 Nxh4 27. Qxg4 Ng6 28. c7+ Ka8 29. c8=Q+ Bxc8 30. Bc6+ Bb7 31. Bxb7+ Kb8 32. Kg2 Qh2+ 33. Kf3 Ne5+ 34. Ke2 Nxg4 35. Rab1 Ne5 36. Bxd5+ Kc7 37. Bxe6 Qh5+ 38. g4 Nxg4 39. Rh1 Nh2+ 40. Kd2 Rd8+ 41. Kc2 Qe2+ 42. Kb3 Rb8+ 43. Kc3 Rxb1 44. Rxb1 Nf3 45. Bb3 Qd2+ 46. Kc4 Ne5+ 47. Kc5 Qd6+ 48. Kb5 a6+ 49. Ka5 Nc6+ 50. Kxa6 Nd4+ 51. Ka5 Qxa3+ 52. Ba4 Nc6+ 53. Kb5 Qd3+ 54. Kc5 Qxb1 55. Bxc6 Qc1+ 56. Kd4 Qxc6 57. Ke5 Qf3 58. e4 Qxf2 59. Kd5 g4 60. e5 g3 61. e6 Qf5+ 62. Kd4 Qxe6 0-1


[Site "https://www.chess.com"]

[Event "Titled Tuesday Blitz April 18 Early 2023"]
[White "Matveeva, Olga"]
[Black "Kucuksari, Kaan"]
[WhiteFideId "24107018"]
[BlackFideId "6380166"]
[WhiteElo "2056"]
[BlackElo "2364"]
[Result "0-1"]
[Round "03"]
[TimeControl "180+2"]
[Date "2023.04.18"]
[WhiteClock "0:00:10"]
[BlackClock "0:00:06"]

1. d4 d5 2. c4 e6 3. Nf3 Nf6 4. g3 Bb4+ 5. Bd2 Be7 6. Bg2 O-O 7. O-O c6 8. Qc2 Ne4 9. Rd1 Nd7 10. Nc3 f5 11. Ne5 Nxe5 12. dxe5 Bd7 13. Be3 Qe8 14. f3 Nxc3 15. Qxc3 Qh5 16. Rd2 g5 17. f4 gxf4 18. Bxf4 Rad8 19. Rad1 Bc5+ 20. Kh1 Bb6 21. e4 fxe4 22. Bxe4 dxe4 23. Rxd7 Qxd1+ 24. Rxd1 Rxd1+ 25. Kg2 Rg1+ 26. Kh3 Rf1 27. Qd2 Rf3 28. Kg4 e3 29. Qd7 e2 30. Qxe6+ Kh8 31. Bd2 Be3 32. Be1 Rf1 33. Qe7 Rg8+ 34. Kh3 Bg5 35. Qf7 Rxf7 0-1


[Site "https://www.chess.com"]

[Event "Titled Tuesday Blitz April 18 Early 2023"]
[White "Lach, Aleksandra"]
[Black "Kozin, Yuri"]
[WhiteFideId "1134299"]
[BlackFideId "4129920"]
[WhiteElo "2111"]
[BlackElo "2609"]
[Result "0-1"]
[Round "03"]
[TimeControl "180+2"]
[Date "2023.04.18"]
[WhiteClock "0:00:51"]
[BlackClock "0:01:15"]

1. c4 c6 2. e4 e5 3. Nf3 d6 4. d4 Qc7 5. Be2 Nf6 6. Nc3 Be7 7. O-O O-O 8. h3 Nbd7 9. d5 a5 10. a3 Nc5 11. Qc2 a4 12. dxc6 bxc6 13. Be3 Nb3 14. Rad1 c5 15. Nb5 Qb6 16. Bg5 Nd4 17. Nfxd4 cxd4 18. Bxf6 Bxf6 19. Rd3 Bd7 20. f4 Rfc8 21. Qd1 Rxc4 22. fxe5 Bxe5 23. Bh5 g6 24. Qf3 Rf8 25. Bg4 Bxg4 26. Qxg4 Qxb5 27. Rdf3 Rc7 28. h4 d3 29. h5 Bd4+ 30. Kh1 Qxh5+ 0-1


[Site "https://www.chess.com"]

[Event "Titled Tuesday Blitz April 18 Early 2023"]
[White "Munkhgal, Gombosuren"]
[Black "krucki03"]
[WhiteFideId "4901266"]
[WhiteElo "2528"]
[BlackElo "2417"]
[Result "1-0"]
[Round "03"]
[TimeControl "180+2"]
[Date "2023.04.18"]
[WhiteClock "0:00:04"]
[BlackClock "0:00:03"]

1. d4 Nf6 2. Bf4 c5 3. d5 b5 4. a4 b4 5. c4 g6 6. Be5 Bg7 7. b3 d6 8. Bb2 O-O 9. Nd2 Bf5 10. f3 e5 11. e4 Bc8 12. a5 Nh5 13. g3 f5 14. Bg2 Bh6 15. Ne2 f4 16. O-O fxg3 17. hxg3 Be3+ 18. Rf2 Qg5 19. Nf1 Bxf2+ 20. Kxf2 Nd7 21. Bc1 Qe7 22. g4 Nf4 23. Nxf4 exf4 24. Bb2 Ne5 25. a6 Qh4+ 26. Kg1 Re8 27. Qd2 Qg5 28. Ng3 Bd7 29. Ne2 Rf8 30. Kf2 Rae8 31. Rh1 Bxg4 32. fxg4 Nxg4+ 33. Ke1 Ne5 34. Bxe5 Rxe5 35. Bf3 Qf6 36. Kf2 g5 37. Qe1 g4 38. Bxg4 Rxe4 39. Be6+ Kh8 40. Qa1 Re5 41. Qb1 h5 42. Qg1 Rg5 43. Qa1 Re5 44. Bg4 Kg7 45. Bf3 Rh8 46. Rg1+ Kf8 47. Qa5 Qh4+ 48. Kf1 Qh3+ 49. Bg2 Qd3 50. Qd8+ Kf7 51. Qd7+ Re7 52. Qe6+ Rxe6 53. dxe6+ Ke7 54. Bd5 f3 55. Rg7+ Kf6 56. Rf7+ Ke5 57. Rxf3 Qd1+ 58. Kf2 h4 59. e7 Re8 60. Re3+ Kf6 61. Re6+ Kg7 62. Nf4 Qa1 63. Nh5+ Kh8 64. Rh6# 1-0


[Site "https://www.chess.com"]

[Event "Titled Tuesday Blitz April 18 Early 2023"]
[White "Alexikov, Alexander"]
[Black "Kim, Sergey"]
[WhiteFideId "14103958"]
[BlackFideId "13700570"]
[WhiteElo "2186"]
[BlackElo "2606"]
[Result "0-1"]
[Round "03"]
[TimeControl "180+2"]
[Date "2023.04.18"]
[WhiteClock "0:00:02"]
[BlackClock "0:00:18"]

1. e4 e5 2. Nf3 Nc6 3. c3 d5 4. Qa4 f6 5. Bb5 Ne7 6. exd5 Qxd5 7. d4 e4 8. c4 Qh5 9. Nfd2 Bd7 10. d5 Ne5 11. Bxd7+ Nxd7 12. Nxe4 Qe5 13. Nc3 f5 14. f4 Qd4 15. Ng5 Qd3 16. Nb5 Rc8 17. Rf1 a6 18. Nc3 b5 19. cxb5 Nc5 20. Qd1 Nxd5 21. Nxd5 Bd6 22. Rf3 Qxb5 23. Nc3 Qc6 24. Qd5 Qxd5 25. Nxd5 O-O 26. Bd2 h6 27. Nh3 Rfe8+ 28. Kf1 Ne4 29. Rd1 Rb8 30. b3 Rb5 31. Nc3 Rc5 32. Nxe4 fxe4 33. Re3 Rc2 34. Re2 Rxa2 35. Be3 Ra3 36. Rb1 Rb8 37. b4 Rxb4 38. Rxb4 Bxb4 39. Kf2 Bd6 40. g4 a5 41. Kg3 a4 42. Kh4 Rb3 43. Nf2 a3 0-1


[Site "https://www.chess.com"]

[Event "Titled Tuesday Blitz April 18 Early 2023"]
[White "Mrudul Dehankar"]
[Black "Trakru, Rohun"]
[WhiteFideId "25096990"]
[BlackFideId "2097613"]
[WhiteElo "2139"]
[BlackElo "1852"]
[Result "1-0"]
[Round "03"]
[TimeControl "180+2"]
[Date "2023.04.18"]
[WhiteClock "0:00:04"]
[BlackClock "0:00:20"]

1. e4 a6 2. d4 e6 3. Nf3 d5 4. e5 c5 5. c3 Nc6 6. Bd3 Qb6 7. O-O cxd4 8. Re1 Bd7 9. Nbd2 dxc3 10. bxc3 Bc5 11. Qe2 Nh6 12. Nb3 Be7 13. Bxh6 gxh6 14. Qd2 Bf8 15. Qf4 Bg7 16. Rab1 O-O 17. Qg3 Qc7 18. Nbd4 Nxd4 19. cxd4 b5 20. Nh4 f5 21. Rbc1 Qd8 22. f4 Rc8 23. Nf3 Qb6 24. Qf2 Rxc1 25. Rxc1 Rc8 26. Rxc8+ Bxc8 27. Qc2 Bd7 28. Kf2 Kf7 29. Ke3 Ke7 30. Nd2 Kd8 31. Nb3 Bf8 32. Nc5 a5 33. Ke2 b4 34. Ke3 Bxc5 35. dxc5 Qc6 36. Kd4 a4 37. Qd2 Qb7 38. Qb2 Bc6 39. Qd2 b3 40. axb3 axb3 41. Qa5+ Ke7 42. Kc3 b2 43. Qb6 d4+ 44. Kxb2 Qxb6+ 45. cxb6 Bxg2 46. Kb3 Kd7 47. Kc4 Kc6 48. Kxd4 Kxb6 49. Bc4 Kc7 50. Bxe6 Be4 51. Bg8 Kd7 52. Bxh7 Ke7 53. Bg6 Ke6 54. Be8 Ke7 55. Bb5 Ke6 56. Bc4+ Ke7 57. Bd3 1-0


[Site "https://www.chess.com"]

[Event "Titled Tuesday Blitz April 18 Early 2023"]
[White "Bodnaruk, Anastasia"]
[Black "Mohammed, Zozek Salah Mohammed"]
[WhiteFideId "4181751"]
[BlackFideId "4803361"]
[WhiteElo "2310"]
[BlackElo "2211"]
[Result "1-0"]
[Round "03"]
[TimeControl "180+2"]
[Date "2023.04.18"]
[WhiteClock "0:00:07"]
[BlackClock "0:00:01"]

1. e4 e6 2. d4 d5 3. e5 c5 4. c3 Nc6 5. Nf3 Qb6 6. Bd3 cxd4 7. O-O dxc3 8. Nxc3 Bd7 9. Re1 Nge7 10. Ng5 Ng6 11. Bxg6 hxg6 12. Qf3 Nd8 13. a4 Be7 14. a5 Qb4 15. a6 b6 16. Bf4 Rh5 17. Qg3 Rc8 18. Rad1 Qxb2 19. Nxd5 exd5 20. e6 Nxe6 21. Nxe6 Bxe6 22. Rxe6 fxe6 23. Qxg6+ Kd7 24. Qxh5 Rc2 25. Qg4 Qb3 26. Re1 d4 27. Qxg7 d3 28. Bg5 Qb4 29. Rd1 d2 30. h4 Qd6 31. h5 Ke8 32. Qg6+ Kd7 33. Qxc2 Bxg5 34. h6 1-0


[Site "https://www.chess.com"]

[Event "Titled Tuesday Blitz April 18 Early 2023"]
[White "Girya, Olga"]
[Black "Rottenwohrer Suarez, Juan"]
[WhiteFideId "4195752"]
[BlackFideId "32068182"]
[WhiteElo "2263"]
[BlackElo "2174"]
[Result "1/2-1/2"]
[Round "03"]
[TimeControl "180+2"]
[Date "2023.04.18"]
[WhiteClock "0:00:04"]
[BlackClock "0:00:06"]

1. d4 d5 2. Nf3 c5 3. c4 Nf6 4. cxd5 Nxd5 5. e4 Nf6 6. Nc3 cxd4 7. Nxd4 e5 8. Ndb5 Qxd1+ 9. Kxd1 Na6 10. Bg5 Be6 11. Bxf6 gxf6 12. Nd5 Bxd5 13. exd5 f5 14. f3 Kd7 15. Bd3 f4 16. Bf5+ Ke7 17. Ke2 Kf6 18. Be4 Bc5 19. d6 Rad8 20. Rhd1 Rhg8 21. Kf1 Nb4 22. a3 Nc6 23. Bxc6 bxc6 24. Rac1 cxb5 25. Rxc5 Ke6 26. Rxb5 Rxd6 27. Rxd6+ Kxd6 28. Rb7 Rc8 29. h4 Rc1+ 30. Kf2 Rc2+ 31. Kg1 a5 32. Rxf7 Rxb2 33. Rxh7 Rb3 34. h5 Ke6 35. h6 Rxa3 36. Ra7 Rb3 37. Rxa5 Rb8 38. Kh2 Rh8 39. Ra6+ Kf5 40. Kh3 Kg5 41. Re6 Rxh6+ 42. Rxh6 Kxh6 43. Kh4 Kg6 44. Kg4 Kf6 45. Kh5 Kf5 46. Kh6 e4 47. fxe4+ Kxe4 48. Kg5 f3 49. gxf3+ Kxf3 1/2-1/2


[Site "https://www.chess.com"]

[Event "Titled Tuesday Blitz April 18 Early 2023"]
[White "Liu, Casper"]
[Black "Shevtchenko, Olesya"]
[WhiteFideId "1454153"]
[BlackFideId "24131890"]
[WhiteElo "2221"]
[BlackElo "2003"]
[Result "1-0"]
[Round "03"]
[TimeControl "180+2"]
[Date "2023.04.18"]
[WhiteClock "0:00:29"]
[BlackClock "0:00:19"]

1. e4 c5 2. Nc3 Nc6 3. Bc4 e5 4. d3 Be7 5. f4 Nf6 6. f5 Na5 7. Nf3 b6 8. Nxe5 O-O 9. g4 Bb7 10. g5 d5 11. gxf6 Bxf6 12. Nxd5 Bxe5 13. Qg4 Nxc4 14. dxc4 b5 15. Rg1 bxc4 16. Bg5 f6 17. Bh6 Rf7 18. Bxg7 Qa5+ 19. c3 h5 20. Qg6 Rd7 21. Bxf6+ 1-0


[Site "https://www.chess.com"]

[Event "Titled Tuesday Blitz April 18 Early 2023"]
[White "Sukandar, Irine Kharisma"]
[Black "Arat, Ufuk Sezen"]
[WhiteFideId "7101937"]
[BlackFideId "6309089"]
[WhiteElo "2315"]
[BlackElo "2289"]
[Result "0-1"]
[Round "03"]
[TimeControl "180+2"]
[Date "2023.04.18"]
[WhiteClock "0:00:01"]
[BlackClock "0:00:11"]

1. c4 c5 2. Nc3 Nf6 3. Nf3 g6 4. e3 Bg7 5. d4 cxd4 6. Nxd4 d5 7. cxd5 O-O 8. Bc4 a6 9. a4 Nbd7 10. a5 Ne5 11. Bb3 Bf5 12. O-O Rc8 13. Nxf5 gxf5 14. Qd4 Ne4 15. Qd1 Qd6 16. Ra4 Ng4 17. g3 Qh6 18. h4 Bxc3 19. Rxe4 fxe4 20. Qxg4+ Qg7 21. Qxe4 Bxb2 22. Bd2 Be5 23. Bb4 Bd6 24. Bxd6 exd6 25. Bc2 Qg6 26. Bd3 Qxe4 27. Bxe4 Rc5 28. Rb1 Rb8 29. Rb6 Rd8 30. Rxb7 Rxa5 31. h5 Ra1+ 32. Kg2 a5 33. Ra7 a4 34. h6 a3 35. g4 Rb8 36. g5 Ra2 37. Kg3 Ra1 38. f3 a2 39. Kf4 Re8 40. Kf5 Re5+ 41. Kf6 Re8 42. Bd3 Rd1 43. Bxh7+ Kxh7 44. Rxa2 Rxd5 45. f4 Rxe3 46. Ra7 Re8 47. Rxf7+ Kh8 48. g6 Rd1 49. Rh7+ Kg8 50. Rg7+ Kh8 51. Rd7 Rf8+ 52. Rf7 Re8 53. g7+ Kg8 54. Rf8+ Rxf8+ 55. gxf8=Q+ Kxf8 0-1


[Site "https://www.chess.com"]